 Dungeon Crawl Stone Soup version 0.30.1 (webtiles) character file.

Game seed: 15299787376362471645

444 monsoonserge the Chiller (level 6, 0/36 (46) HPs)
             Began as a Demigod Ice Elementalist on July 6, 2023.
             Slain by a wight
             ... wielding a +1 war axe
              (3 damage)
             ... on level 4 of the Dungeon.
             The game lasted 00:11:33 (3302 turns).

monsoonserge the Chiller (Demigod Ice Elementalist) Turns: 3302, Time: 00:11:33

HP:   0/36 (46)     AC: 11    Str:  9    XL:     6   Next: 43%
MP:   10/13         EV: 12    Int: 25    God:
Gold: 266           SH:  0    Dex: 14    Spells: 4/11 levels left

rFire   + . .        d - +0 long sword
rCold   . . .        (no shield)
rNeg    . . .        i - +2 leather armour {rF+}
rPois   .            (no helmet)
rElec   .            (no cloak)
rCorr   .            (no gloves)
SInv    .            f - +0 pair of boots
Will    .....        (no amulet)
Stlth   ++           (no ring)
HPRegen 0.26/turn    (no ring)
MPRegen 0.13/turn

%: no passive effects
@: ice-armoured, heavily drained
A: high MP 1, forlorn, divine attributes
a: no special abilities


You were on level 4 of the Dungeon.
You visited 1 branch of the dungeon, and saw 4 of its levels.

You collected 266 gold pieces.

Inventory:

Hand Weapons
 d - a +0 long sword (weapon)
Missiles
 l - 6 javelins
 t - 9 boomerangs (quivered)
Armour
 f - a +0 pair of boots (worn)
 i - a +2 leather armour of fire resistance (worn)
Jewellery
 y - a ring of magical power
Wands
 j - a wand of paralysis (10)
 m - a wand of quicksilver (5)
Scrolls
 a - 2 scrolls of enchant weapon {unknown}
 c - 2 scrolls of poison {unknown}
 e - 7 scrolls of identify {unknown}
 g - a scroll of immolation {unknown}
 k - 2 scrolls of teleportation {unknown}
 q - a scroll of blinking {unknown}
 u - a scroll of amnesia {unknown}
 v - 5 scrolls of fog {unknown}
 x - a scroll of vulnerability {unknown}
 z - a scroll of fear {unknown}
Potions
 b - a potion of magic
 h - a potion of attraction {unknown}
 n - a potion of brilliance {unknown}
 o - a potion of haste {unknown}
 p - a potion of might {unknown}
 r - a potion of heal wounds {unknown}
 s - 3 potions of flight {unknown}
 w - a potion of curing {unknown}


   Skills:
 + Level 0.6 Fighting
 + Level 1.7 Long Blades
 * Level 2.6 Armour
 + Level 2.2 Dodging
 - Level 2.0 Stealth
 - Level 3.0 Spellcasting
 * Level 5.5 Ice Magic


You had 4 spell levels left.
You knew the following spells:

 Your Spells              Type           Power      Damage    Failure   Level
a - Freeze                Ice            100%       1d10      1%          1
b - Frozen Ramparts       Ice            62%        1d10      4%          3
c - Ozocubu's Armour      Ice            31%        N/A       4%          3

Your spell library contained the following spells:

 Spells                   Type           Power      Damage    Failure   Level
 Tukima's Dance           Hex            3%         N/A       38%         3
 Summon Ice Beast         Ice/Summ       17%        N/A       41%         4
 Passage of Golubria      Tloc           3%         N/A       80%         4
 Yara's Violent Unravell  Hex/Tmut       1%         3d3       98%         5


Dungeon Overview and Level Annotations

Branches:
Dungeon (4/15)
 Temple: D:4-7


Innate Abilities, Weirdness & Mutations

You have an increased reservoir of magic. (+10% MP)
You shall have no god before yourself.
Your divine heritage dramatically boosts your attributes as you level up.


Message History

There is an open door here.
You open the door.
A wight comes into view. It is wielding a +1 war axe.
You closely miss the wight. You punch the wight, but do no damage.
The wight hits you with a +1 war axe.
You slash the wight!
The wight is heavily damaged.
The wight hits you with a +1 war axe!
You feel drained.
You hit the wight.
The wight is severely damaged.
The wight hits you with a +1 war axe. The wight barely misses you.
You hit the wight but do no damage.
The wight is severely damaged.
The wight barely misses you.
You barely miss the wight.
The wight is severely damaged.
The wight hits you with a +1 war axe!
You feel drained.
* * * LOW HITPOINT WARNING * * *
You closely miss the wight.
The wight is severely damaged.
The wight closely misses you. The wight hits you with a +1 war axe.
* * * LOW HITPOINT WARNING * * *
You feel drained.
* * * LOW HITPOINT WARNING * * *
Unknown command.
Casting: Ozocubu's Armour (dangerous; 4% risk of failure)
Confirm with . or Enter, or press ? or * to list all spells.
A film of ice covers your body! The wight closely misses you.
You barely miss the wight.
The wight is severely damaged.
The wight hits you with a +1 war axe.
* * * LOW HITPOINT WARNING * * *
You feel drained.
You completely miss the wight.
The wight is severely damaged.
The wight closely misses you.
You hit the wight.
The wight is almost destroyed.
The wight hits you with a +1 war axe.
You die...

###.........# ###
#....# ............#
###...##
...####.....#####.....#
...# #.###...##......#
#..##
###...####......##
##..### #####
#######..# #.....#
#.#.##8..## #.#...#
+#+#+#'#)###...#
...#.##
........@..'...##
..##.# #+#+#+#z#'######
..#### #.#.# ### #####


You could see a wight.

Vanquished Creatures
  A wight (D:4)
  2 orc priests
  A hound (D:3)
  Ijyb (D:3)
  2 iguanas
  A hound zombie (D:4)
  5 adders
  4 gnolls (D:4)
  An ufetubus (D:4)
  An adder zombie (D:4)
  4 worms
  4 dart slugs
  8 orcs (D:3)
  9 bats
  7 endoplasms
  8 giant cockroaches
  3 goblins
  7 hobgoblins
  3 jackals (D:3)
  8 quokkas
  7 ball pythons
  4 frilled lizards
  8 kobolds
  4 rats
103 creatures vanquished.

Notes
Turn   | Place    | Note
-------+----------+-------------------------------------------
     0 | D:1      | monsoonserge the Demigod Ice Elementalist began the quest
                  | for the Orb.
     0 | D:1      | Reached XP level 1. HP: 14/14 MP: 5/5
   211 | D:1      | Reached skill level 4 in Ice Magic
   217 | D:1      | Reached XP level 2. HP: 13/20 MP: 2/7
   960 | D:2      | Reached XP level 3. HP: 26/26 MP: 8/8
   964 | D:2      | Learned a level 3 spell: Frozen Ramparts
  1640 | D:3      | Noticed Ijyb
  1650 | D:3      | Killed Ijyb
  1807 | D:2      | Reached XP level 4. HP: 24/33 MP: 5/10
  1808 | D:2      | Reached skill level 1 in Armour
  1960 | D:3      | Learned a level 3 spell: Ozocubu's Armour
  1975 | D:3      | Reached skill level 5 in Ice Magic
  1975 | D:3      | Reached XP level 5. HP: 31/39 MP: 1/12
  2435 | D:4      | Reached skill level 1 in Long Blades
  2709 | D:4      | Reached XP level 6. HP: 41/46 MP: 13/13
  3302 | D:4      | Slain by a wight

Illustrated notes

Levels and vault maps discovered:
D:1:      minmay_arrival_hallway, layout_basic
D:2:      layout_loops_ring, basic_altar, st_stairs_13
D:3:      layout_rooms, minmay_joined_circles, uniq_ijyb
D:4:      layout_cave_pools, lemuel_mausoleum_altar_kikubaaqudgha,
          mainiacjoe_overflow_divided_tiny, mainiacjoe_overflow_alcove_4,
          hangedman_decor_clover_reticule, minmay_three_crescents

Skill      XL: |  1  2  3  4  5 |
---------------+----------------+-----
Ice Magic      | 4 5 |  5.5
Spellcasting   | 2 3 |  3.0
Stealth        | 2 |  2.0
Armour         | 1 2 |  2.6
Dodging        | 2 |  2.2
Long Blades    | 1 |  1.7
Fighting       | |  0.6

Action                     |  1- 3 |  4- 6 || total
---------------------------+-------+-------++-------
  Melee: Hand axe          |    13 |       ||    13
         Long sword        |    20 |   114 ||   134
         Punch             |       |     2 ||     2
   Cast: Freeze            |    41 |     8 ||    49
         Frozen Ramparts   |     4 |    12 ||    16
         Ozocubu's Armour  |       |     5 ||     5
   Stab: Sleeping          |     4 |     2 ||     6
 Armour: Robe              |    15 |       ||    15
         Leather armour    |     7 |    44 ||    51
         Skin              |     1 |       ||     1
  Dodge: Dodged            |    57 |    78 ||   135
